 Dungeon Crawl Stone Soup version 0.31.0-11-ge490571c62 (webtiles) character file.

Game seed: 2004699694030032693

41 Arcadio the Cudgeller (level 3, -1/23 HPs)
             Began as a Gargoyle Gladiator on Jan 31, 2024.
             Slain by a gnoll
             ... wielding a +0 halberd
              (11 damage)
             ... on level 2 of the Dungeon.
             The game lasted 00:01:25 (1027 turns).

Arcadio the Cudgeller (Gargoyle Gladiator)          Turns: 1027, Time: 00:01:25

Health: -1/23      AC:  9    Str: 19    XL:     3   Next: 52%
Magic:  3/3        EV: 11    Int:  8    God:
Gold:   163        SH:  0    Dex: 11    Spells: 2/2 levels left

rFire   . . .        g - +0 war axe
rCold   . . .        (no shield)
rNeg    + . .        p - +0 ring mail
rPois   ∞            c - +0 helmet
rElec   +            (no cloak)
rCorr   .            (no gloves)
SInv    .            (no boots)
Will    .....        (no amulet)
Stlth   +            (no ring)
HPRegen 0.23/turn    (no ring)
MPRegen 0.08/turn

%: no passive effects
@: no status effects
A: sickness immunity, AC +3, negative energy resistance 1, electricity
resistance, torment resistance 1, petrification resistance
a: no special abilities


You were on level 2 of the Dungeon.
You visited 1 branch of the dungeon, and saw 3 of its levels.

You collected 163 gold pieces.

Inventory:

Hand Weapons
 a - a +0 flail
 g - a +0 war axe (weapon)
Missiles
 d - 3 throwing nets (quivered)
 e - a javelin
Armour
 b - a +0 leather armour
 c - a +0 helmet (worn)
 p - a +0 ring mail (worn)
 r - a +0 buckler
Scrolls
 h - a scroll of revelation {unknown}
 i - 2 scrolls of immolation {unknown}
 j - a scroll of identify {unknown}
 k - 2 scrolls of poison {unknown}
 n - a scroll of fear {unknown}
 s - a scroll of vulnerability {unknown}
Potions
 f - 2 potions of enlightenment {unknown}
 l - 2 potions of haste {unknown}
 m - 2 potions of magic {unknown}
 o - a potion of heal wounds {unknown}
 q - a potion of curing {unknown}


   Skills:
 + Level 3.0 Fighting
 + Level 3.5 Maces & Flails
 - Level 1.7 Throwing
 + Level 2.9 Dodging


You had 2 spell levels left.
You didn't know any spells.
Your spell library was empty.

Dungeon Overview and Level Annotations

Branches:
Dungeon (3/15)

Altars:

Annotations:
D:3 Natasha


Innate Abilities, Weirdness & Mutations

You are immune to sickness and miasma.
Your stone body is resilient. (AC +3)
You are immune to poison.
You resist negative energy. (rN+)
You are resistant to electric shocks. (rElec)
You are resistant to unholy torment.
You are immune to petrification.


Message History

You open the door.
There is an open door here.
You open the door.
There is an open door here.
You open the door.
There is an open door here.
There is an open door here.
You open the door.
There is an open door here.
You open the door.
There is an open door here.
Done exploring.
Done exploring.
There is an open door here.
There is an open door here.
There is a stone staircase leading down here.
You climb downwards.
There is a stone staircase leading up here.
Done exploring.
There is an open door here.
There is an open door here.
You see here a +0 club.
There is a stone staircase leading down here.
You climb downwards.
Natasha hisses angrily.
The gnoll shouts! x2
There is a stone staircase leading up here.
There are monsters nearby!
The gnoll barely misses you. The gnoll hits you but does no damage.
The gnoll hits you from afar with a +0 halberd.
You climb upwards.
There is a stone staircase leading down here.
You barely miss the gnoll. x2; The gnoll barely misses you.
The gnoll closely misses you.
You barely miss the gnoll. You hit the gnoll.
The gnoll hits you with a +0 spear. The gnoll barely misses you.
You slash the gnoll!
The gnoll is almost dead.
You hit the gnoll. The gnoll hits you with a +0 spear.
The gnoll hits you with a +0 halberd!
You die...

.......###..####.#####.##........
#####..........#.## ##.###.......
###....#.......###..# #.......
####...##.......(..#..## #.......
#....######..........#####.......
..#### #.........##...........
....#######..............#..##...
#.#.............g..........###.#.
...............g@.........####.##
#######..#####...#...............
## ##.# ###.)......######.## .#
#.# ##.....#..#####.## .#### #.#
#######'####......... ....####.#
##..#....(..#..####.##
......##.###..##...♣...#....##...
.............###..♣.♣..#.........
......#......#.'.♣.♣.♣.+.##.##.#.


You could see 2 gnolls.

Vanquished Creatures
  An adder (D:2)
  A ribbon worm (D:2)
  2 ball pythons
  2 endoplasms
  3 giant cockroaches
  2 goblins
  3 hobgoblins
  4 jackals (D:1)
  A quokka (D:1)
  A frilled lizard (D:1)
  3 kobolds
  2 rats (D:2)
25 creatures vanquished.

Notes
Turn   | Place    | Note
-------+----------+-------------------------------------------
     0 | D:1      | Arcadio the Gargoyle Gladiator began the quest for the Orb.
     0 | D:1      | Reached XP level 1. HP: 12/12 MP: 1/1
    20 | D:1      | You fall into a shaft and drop 1 floor!
   102 | D:2      | Reached XP level 2. HP: 17/18 MP: 2/2
   529 | D:1      | Reached XP level 3. HP: 21/22 MP: 3/3
   746 | D:1      | Found a faded altar of an unknown god.
  1022 | D:3      | Noticed Natasha
  1027 | D:2      | Slain by a gnoll

Illustrated notes

Levels and vault maps discovered:
D:1:      dpeg_arrival_castle, layout_rooms, basic_ecumenical_altar,
          chequers_avenue
D:2:      layout_rooms, kennysheep_generic_room_10
D:3:      layout_rooms, mainiacjoe_overflow_cross_hatched,
          hellmonk_sif_muna_bookshelves, lemuel_coloured_pillars_altar,
          gammafunk_ghost_grave, uniq_robin, uniq_natasha

Skill      XL: |  1  2  3 |
---------------+----------+-----
Fighting       | 3 |  3.0
Maces & Flails | |  3.5
Throwing       | |  1.7
Dodging        | |  2.9

Action                     || total
---------------------------++-------
  Melee: War axe           ||    77
         Punch             ||     1
 Armour: Leather armour    ||    34
         Ring mail         ||    23
  Dodge: Dodged            ||    62
